 Dungeon Crawl Stone Soup version 0.17-a0-1508-ge7f3dc3 (webtiles) character file.

121 Chiseanne the Grasshopper (level 4, 0/35 HPs)
             Began as a Demonspawn Warper on July 10, 2015.
             Succumbed to Crazy Yiuf's poison
             ... on level 2 of the Dungeon.
             The game lasted 00:10:28 (2390 turns).

Chiseanne the Grasshopper (Demonspawn Warper)       Turns: 2390, Time: 00:10:28

Health: 0/35       AC:  9    Str: 18    XL:     4   Next: 77%
Magic:  7/7        EV: 11    Int: 19    God:
Gold:   73         SH:  0    Dex: 12    Spells: 1 memorised, 7 levels left

rFire  . . .     SeeInvis .     a - +0 falchion
rCold  . . .     Clarity  .     h - +0 ring mail
rNeg   . . .     SustAt   .     (no shield)
rPois  .         Gourm    .     (no helmet)
rElec  .         Spirit   .     (no cloak)
rCorr  .         Warding  .     (no gloves)
rMut   .         Stasis   .     (no boots)
MR     .....                    (no amulet)
Stlth  ..........               (no ring)
                                (no ring)

@: mighty, brilliant, lethally poisoned (0 -> -18), very slightly contaminated,
hasted, drained, very quick, not resistant to hostile enchantments, extremely
unstealthy
A: hooves 1, iridescent scales 1, demonic guardian 1
a: no special abilities


You were on level 2 of the Dungeon.
You were not hungry.

You visited 1 branch of the dungeon, and saw 2 of its levels.

You collected 73 gold pieces.

Inventory:

Hand weapons
 a - a +0 falchion (weapon)
Missiles
 e - 4 tomahawks of dispersal (quivered)
 j - 15 arrows
 p - 8 poisoned needles
Armour
 h - a +0 ring mail (worn)
Scrolls
 d - 2 scrolls of blinking
 k - a scroll of enchant armour {unknown}
 m - 3 scrolls of teleportation
 q - a scroll of remove curse {unknown}
Potions
 l - a potion of haste
 n - a potion of flight
Books
 c - a book of Spatial Translocations

   Spells                             Type                      Level
   a - Apportation                    Translocation                1
   b - Blink                          Translocation                2
   c - Shroud of Golubria             Charms/Translocation         2
   d - Portal Projectile              Translocation                3
   e - Teleport Other                 Translocation                3
   f - Passage of Golubria            Translocation                4
Comestibles
 b - a meat ration
 f - 2 bread rations


   Skills:
 * Level 3.1(3.0) Fighting
 - Level 1.7 Long Blades
 - Level 0.8 Throwing
 * Level 1.9(1.8) Armour
 + Level 2.4 Dodging
 + Level 2.5 Spellcasting
 + Level 3.2(3.1) Translocations


You had 7 spell levels left.
You knew the following spells:

 Your Spells              Type           Power        Failure   Level  Hunger
a - Apportation           Tloc           ####......   1%          1    #......


Dungeon Overview and Level Annotations

Branches:
Dungeon (2/15)

Altars:


Innate Abilities, Weirdness & Mutations

You have large cloven feet.
You are partially covered in iridescent scales (AC +4).
A weak demonic guardian rushes to your aid.


Message History

You feel sick.
Crazy Yiuf hits you with a quarterstaff of chaos.
* * * LOW HITPOINT WARNING * * *
Your quasit barely misses Crazy Yiuf.
Your quasit closely misses Crazy Yiuf.
Your quasit claws Crazy Yiuf but does no damage.
You barely miss Crazy Yiuf. Your kick misses Crazy Yiuf.
Crazy Yiuf is almost dead.
* * * LOW HITPOINT WARNING * * *
You feel sick. Crazy Yiuf hits you but does no damage.
Your quasit closely misses Crazy Yiuf.
Your quasit claws Crazy Yiuf.
Crazy Yiuf dies!
Drink which item? (? for menu, Esc to quit)
It was a potion of might.
You feel very mighty all of a sudden.
* * * LOW HITPOINT WARNING * * *
You feel sick.
Drink which item? (? for menu, Esc to quit)
It was a potion of brilliance.
You feel clever all of a sudden.
You die...

#......#......... #.
#......#......... #.
#................ #.
#......#......... #.
#......########## #.
.#......############.
...........##........
####....#############
#######@...#
#.....5....#
#.#####....##♣♣ ##
#.....†.....#.♣♣ ♣♣#..)
#..............♣♣♣♣.g...
#...)....#......♣..♣#...
#........##.#..♣.♣♣♣ ##
#..†.....####♣♣♣♣♣
#........#


You could see a friendly quasit.

Vanquished Creatures
  Natasha (thrice) (D:2)
  A worm (D:2)
  3 goblins (D:1)
  9 hobgoblins
  2 jackals (D:1)
  A ball python (D:1)
  4 bats
  5 giant cockroaches
  3 giant newts
  3 kobolds
  7 rats
41 creatures vanquished.

Vanquished Creatures (collateral kills)
  Crazy Yiuf (D:2)
  Ijyb (D:2)
2 creatures vanquished.

Grand Total: 43 creatures vanquished

Notes
Turn   | Place    | Note
--------------------------------------------------------------
     0 | D:1      | Chiseanne the Demonspawn Warper began the quest for the Orb.
     0 | D:1      | Reached XP level 1. HP: 16/16 MP: 3/3
   345 | D:1      | Gained mutation: You have large cloven feet. [demonic ancestry]
   345 | D:1      | Reached XP level 2. HP: 9/22 MP: 5/5
   579 | D:1      | Reached skill level 1 in Armour
  1122 | D:2      | Noticed Natasha
  1127 | D:2      | Killed Natasha
  1127 | D:2      | Reached skill level 3 in Translocations
  1127 | D:2      | Gained mutation: You are partially covered in iridescent scales (AC +4). [demonic ancestry]
  1127 | D:2      | Reached XP level 3. HP: 18/28 MP: 6/6
  1163 | D:2      | Noticed Natasha
  1176 | D:2      | Killed Natasha
  1588 | D:2      | Noticed Natasha
  1594 | D:2      | Killed Natasha
  1685 | D:2      | Gained mutation: A weak demonic guardian rushes to your aid. [demonic ancestry]
  1685 | D:2      | Reached XP level 4. HP: 20/34 MP: 7/7
  1967 | D:2      | Noticed Ijyb
  1989 | D:2      | Killed Ijyb
  2340 | D:2      | Noticed Crazy Yiuf
  2381 | D:2      | Paralysed by Crazy Yiuf for 4 turns
  2387 | D:2      | Killed Crazy Yiuf
  2390 | D:2      | Succumbed to Crazy Yiuf's poison

Vault maps used:
D:1:      lemuel_arrival_room, hangedman_decor_peaks_small
D:2:      serial_glass, glass_columns_a, glass_columns_b, uniq_iyjb,
          uniq_natasha, uniq_crazy_yiuf_cottage

Action                   |  1- 3 |  4- 6 || total
-------------------------+-------+-------++-------
Melee: Falchion          |   140 |    54 ||   194
Throw: Tomahawk          |       |     1 ||     1
  Use: Scroll            |     6 |       ||     6
       Potion            |       |     4 ||     4
 Stab: Distracted        |       |     1 ||     1
  Eat: Chunk             |     3 |     2 ||     5
